 Dungeon Crawl Stone Soup version 0.29.0-7-g18a832c13a (webtiles) character file.

Game seed: 1048971132908911883

15114 zenocrate the Severer (level 11, -3/101 HPs)
             Began as a Minotaur Chaos Knight on Aug 31, 2022.
             Was a Plaything of Xom.
             Slain by a death yak (14 damage)
             ... on level 1 of the Lair of Beasts.
             The game lasted 00:22:27 (11534 turns).

zenocrate the Severer (Minotaur Chaos Knight)      Turns: 11534, Time: 00:22:28

Health: -3/101     AC: 12    Str: 21      XL:     11   Next: 97%
Magic:  10/10      EV: 11    Int: 14 (15) God:    Xom [.*....]
Gold:   617        SH:  0    Dex:  9 (10) Spells: 10/10 levels left

rFire   + + .      SeeInvis .   q - +0 war axe
rCold   . . .      Faith    .   (no shield)
rNeg    . . .      Spirit   .   z - +2 ring mail {rF+}
rPois   +          Reflect  .   (helmet unavailable)
rElec   +          Harm     .   d - +2 cloak
rCorr   .          Rampage  .   (no gloves)
Will    .....                   (no boots)
Stlth   ++........              D - amulet of magic regeneration
HPRegen 1.06/turn               j - +6 ring of intelligence
MPRegen 0.52/turn               g - ring of poison resistance

@: mighty, unable to read
A: horns 3, retaliatory headbutt, claws 1, camouflage 1, deterioration 1, fire
resistance 1, regeneration 1, electricity resistance, no potion heal 1,
inability to read after injury 1
a: Renounce Religion


You were on level 1 of the Lair of Beasts.
You worshipped Xom.
You were a plaything of Xom.
You visited 2 branches of the dungeon, and saw 10 of its levels.

You collected 721 gold pieces.
You spent 104 gold pieces at shops.

Inventory:

Hand Weapons
 q - a +0 war axe (weapon)
 A - a +5 vorpal dire flail
Missiles
 x - 7 boomerangs of dispersal
 y - 3 throwing nets
 E - 6 javelins
 H - 8 boomerangs
Armour
 d - a +2 cloak (worn)
 h - a scarf of resistance
 z - a +2 ring mail of fire resistance (worn)
Jewellery
 b - a ring of fire
 g - a ring of poison resistance (right claw)
 j - a +6 ring of intelligence (left claw)
 D - an amulet of magic regeneration (around neck)
Wands
 a - a wand of acid (2)
 r - a wand of polymorph (10)
 s - a wand of paralysis (32)
 C - a wand of roots (6)
Scrolls
 k - 2 scrolls of magic mapping {unknown}
 m - 5 scrolls of teleportation
 o - 2 scrolls of fear {unknown}
 p - 2 scrolls of immolation
 t - 2 scrolls of amnesia {unknown}
 v - 2 scrolls of poison {unknown}
 I - 3 scrolls of fog
Potions
 e - a potion of magic
 i - 2 potions of heal wounds
 n - 3 potions of attraction
 B - 2 potions of invisibility
 G - a potion of cancellation {unknown}
 J - a potion of lignification
Miscellaneous
 c - a piece from Xom's chessboard (11/15) (quivered)
 f - a phial of floods


   Skills:
 - Level 10.9 Fighting
 + Level 20.0 Axes
 - Level 1.4 Throwing
 + Level 9.5 Armour
 - Level 1.8 Dodging
 - Level 3.7 Stealth
 - Level 4.5 Evocations


You had 10 spell levels left.
You didn't know any spells.
Your spell library contained the following spells:

 Spells                   Type           Power      Damage    Failure   Level
 Foxfire                  Conj/Fire      0%         2x1d4     41%         1
 Slow                     Hex            0%         N/A       41%         1
 Poisonous Vapours        Pois/Air       0%         N/A       54%         2
 Confusing Touch          Hex            0%         N/A       78%         3
 Conjure Flame            Conj/Fire      0%         6-21      78%         3
 Inner Flame              Hex/Fire       0%         N/A       78%         3
 Stone Arrow              Conj/Erth      0%         3d7       78%         3
 Vampiric Draining        Necr           0%         2d6       78%         3
 Animate Armour           Summ/Erth      0%         N/A       99%         4
 Corpse Rot               Necr/Pois/Air  0%         N/A       99%         4
 Flame Wave               Conj/Fire      0%         2d4       99%         4
 Lehudib's Crystal Spear  Conj/Erth      0%         10d2      100%        8


Dungeon Overview and Level Annotations

Branches:
Dungeon (9/15)             Temple (0/1) D:6            Lair (1/5) D:9
    Orc: D:9-12

Altars:
Gozag
Kikubaaqudgha
Nemelex Xobeh
Okawaru
Qazlal
Ru
Trog
Uskayaw
Vehumet
Wu Jian
Zin
The Shining One

Shops:
D:8 *?


Innate Abilities, Weirdness & Mutations

You have a pair of large horns on your head.
You reflexively headbutt those who attack you in melee.
You have sharp fingernails.
Your skin changes colour to match your surroundings (Stealth+).
Your body sometimes deteriorates upon taking damage.
Your flesh is heat resistant. (rF+)
Your natural rate of healing is unusually fast.
You are resistant to electric shocks. (rElec)
Potions are less effective at restoring your health.
You occasionally lose the ability to read scrolls when taking damage.


Message History

"This might be better!"
The death yak is charmed.
You swap places.
The death yak gores you but does no damage.
You slash the death yak!
The death yak is lightly wounded.
The death yak gores you.
The death yak gores you but does no damage.
The death yak gores you!
Your body deteriorates!
You feel dopey. The death yak attacks as you move away!
The death yak gores you!
Your body deteriorates!
You feel clumsy.
Your death yak gores the death yak.
The death yak gores you!! The death yak gores you!
Your death yak barely misses the death yak.
Your death yak gores the death yak.
You barely miss the death yak.
Your death yak gores the death yak!!
The death yak gores you.
* * * LOW HITPOINT WARNING * * *
The death yak attacks as you move away! The death yak barely misses you.
You hit the death yak. You headbutt the death yak!
The death yak is lightly wounded.
You hit the death yak. You headbutt the death yak.
The death yak is moderately wounded. "This might be better!"
The death yak seems to speed up.
The death yak attacks as you move away! The death yak gores you!
You feel threatened and lose the ability to read scrolls!
* * * LOW HITPOINT WARNING * * *
Something gores the death yak!
The death yak gores you.
* * * LOW HITPOINT WARNING * * *
The death yak attacks as you move away! The death yak misses you.
The death yak gores you!
* * * LOW HITPOINT WARNING * * *
You feel a bit more experienced.
Your piece from Xom's chessboard (11/15) has regained one charge.
Your Axes skill increases to level 20!
The death yak attacks as you move away! The death yak gores you!
You die...
Xom titters!

.......##Y.# #. #....#.8..##
##........# ####...#8.>.8#
#......#.....# #.>.....#...## ###
# # ##...##..##'#########.# ###
###.....###.....##......## ###..
.#....#..#.....#@#.#.##..####....
.+.............#Y#...............
##...8...+...8Y#.+...8...#P.#....
.+.......#.....#............#..^(
##.###.#...#...#....#.#..........
##.......##......#......##.######
####.####.##...#...#...##....# #
##### ##.......##...........##
.##.###.........#.......(...#


You could see a death yak (fast).

Vanquished Creatures
  Gastronok (Lair:1)
  Fannar (D:9)
  Erica (D:8)
  Amaemon (D:9)
  A salamander (shapeshifter) (D:5)
  A black mamba (Lair:1)
  An orange demon (Lair:1)
  Maggie (D:6)
  A komodo dragon (D:9)
  A troll (D:9)
  Grinder (D:3)
  A dream sheep (D:9)
  Sigmund (D:5)
  6 yaks
  A spriggan (Lair:1)
  2 wyverns
  A steam dragon (D:8)
  A human (D:7)
  Edmund (D:5)
  6 water moccasins
  Duvessa (D:5)
  An ice beast (shapeshifter) (D:4)
  3 orc warriors
  2 ice beasts
  3 ogres
  31 wolves
  4 centaurs
  A kobold brigand (D:8)
  7 bullfrogs
  A necrophage (D:6)
  2 gnoll sergeants (D:8)
  3 scorpions
  17 wights
  An electric eel (D:9)
  A gnoll bouda (D:4)
  12 hounds
  5 jellies
  4 orc priests
  2 iguanas (D:6)
  Ijyb (D:5)
  7 orc wizards
  21 gnolls
  4 adders
  A white imp (D:6)
  An ufetubus (D:6)
  5 worms
  2 dart slugs
  22 orcs
  12 ball pythons
  2 bat zombies (D:7)
  9 endoplasms
  6 giant cockroaches
  10 goblins
  9 hobgoblins
  4 jackals (D:1)
  16 kobolds
  7 quokkas
  4 bats
  2 frilled lizards
  4 rats
  A rat zombie (D:7)
  A butterfly (Lair:1)
283 creatures vanquished.

Vanquished Creatures (collateral kills)
  A death yak (Lair:1)
  2 humans (D:7)
  2 wolves (D:9)
  A necrophage (D:6)
  Dowan (D:5)
  An adder (D:5)
8 creatures vanquished.

Vanquished Creatures (others)
  3 fungi (Lair:1)
  28 plants
31 creatures vanquished.

Grand Total: 322 creatures vanquished

Notes
Turn   | Place    | Note
-------+----------+-------------------------------------------
     0 | D:1      | zenocrate the Minotaur Chaos Knight began the quest for the
                  | Orb.
     0 | D:1      | Reached XP level 1. HP: 19/19 MP: 0/0
    27 | D:1      | XOM: potion effect (invisibility)
    41 | D:1      | Reached skill level 4 in Axes
    41 | D:1      | Reached XP level 2. HP: 11/26 MP: 1/1
   361 | D:1      | XOM: divination: detect creatures
   425 | D:1      | Reached skill level 1 in Evocations
   425 | D:1      | Reached XP level 3. HP: 26/31 MP: 2/2
  1226 | D:1      | XOM: silly message
  1457 | D:2      | Reached XP level 4. HP: 36/40 MP: 3/3
  1573 | D:2      | Reached skill level 5 in Axes
  1754 | D:2      | Identified the +1 ring mail of Grace {Contam rElec Regen+
                  | Int-2}
  1933 | D:2      | XOM: chaos upgrade
  1939 | D:2      | Noticed a glowing shapeshifter
  1939 | D:2      | a hobgoblin changed into a glowing shapeshifter
  1939 | D:2      | Noticed an elephant
  1939 | D:2      | a glowing shapeshifter changed into an elephant
  1940 | D:2      | XOM: summons 3 hostile demons
  1944 | D:2      | Noticed a swamp worm
  1944 | D:2      | an elephant changed into a swamp worm
  1948 | D:2      | Noticed a shining eye
  1949 | D:2      | XOM: divination: magic mapping
  1964 | D:2      | Noticed a komodo dragon
  1973 | D:2      | Noticed a wind drake
  1974 | D:2      | Noticed a lindwurm
  1974 | D:2      | a wind drake changed into a lindwurm
  1975 | D:2      | Noticed a steelbarb worm
  1975 | D:2      | a lindwurm changed into a steelbarb worm
  1996 | D:2      | Noticed an orb spider
  2360 | D:2      | Noticed a yaktaur
  2408 | D:3      | Noticed Grinder
  2410 | D:3      | Paralysed by Grinder for 3 turns
  2419 | D:3      | XOM: butterfly on damage
  2421 | D:3      | Killed Grinder
  2422 | D:3      | Reached skill level 7 in Axes
  2422 | D:3      | Reached XP level 5. HP: 33/47 MP: 4/4
  2422 | D:3      | Reached XP level 6. HP: 38/53 MP: 5/5
  2874 | D:3      | XOM: 4-stop teleportation journey
  3116 | D:4      | Identified the +4 whip of the Magi {vorpal, Stlth+}
  3331 | D:4      | XOM: 1-stop teleportation journey
  3367 | D:4      | Reached skill level 1 in Stealth
  3419 | D:4      | Found a radiant altar of Vehumet.
  3419 | D:4      | XOM: 3-stop teleportation journey
  3518 | D:4      | XOM: silly message
  3567 | D:4      | XOM: summons 4 hostile demons
  3568 | D:4      | Noticed a hellwing
  3935 | D:4      | XOM: torment (28/53 hp)
  4148 | D:4      | Reached skill level 8 in Axes
  4165 | D:4      | XOM: summons 2 hostile shadow creatures
  4232 | D:4      | XOM: scenery: 1 doors close
  4383 | D:4      | Noticed a shapeshifter
  4383 | D:4      | a centaur changed into a shapeshifter
  4383 | D:4      | XOM: polymorph centaur -> shapeshifter
  4383 | D:4      | Noticed a blink frog
  4383 | D:4      | a shapeshifter changed into a blink frog
  4384 | D:4      | XOM: scenery: summon butterflies
  4386 | D:4      | Noticed a human
  4386 | D:4      | a blink frog changed into a human
  4396 | D:4      | Noticed a sky beast
  4398 | D:4      | Noticed an ice beast
  4402 | D:4      | XOM: confuse monster(s)
  4405 | D:4      | Killed an ice beast
  4406 | D:4      | Reached XP level 7. HP: 60/60 MP: 6/6
  4466 | D:5      | Entered Level 5 of the Dungeon
  4552 | D:5      | Noticed Edmund
  4553 | D:5      | XOM: fog
  4554 | D:5      | Noticed Eustachio
  4555 | D:5      | Noticed Eustachio
  4555 | D:5      | Eustachio changed into Eustachio the shapeshifter
  4555 | D:5      | XOM: polymorph Eustachio -> Eustachio the shapeshifter
  4555 | D:5      | Noticed Eustachio
  4555 | D:5      | Eustachio the shapeshifter changed into Eustachio the
                  | komodo dragon
  4556 | D:5      | Noticed Eustachio
  4556 | D:5      | Eustachio the komodo dragon changed into Eustachio the
                  | queen bee
  4566 | D:5      | Noticed Eustachio
  4567 | D:5      | XOM: scenery: 1 doors open
  4568 | D:5      | Killed Edmund
  4569 | D:5      | Reached skill level 5 in Fighting
  4573 | D:5      | Killed Eustachio the salamander
  4574 | D:5      | Reached skill level 9 in Axes
  4574 | D:5      | Reached XP level 8. HP: 71/71 MP: 7/7
  4590 | D:5      | XOM: give mutations
  4590 | D:5      | Gained mutation: You are resistant to electric shocks.
                  | (rElec) [Xom's grace]
  4590 | D:5      | Gained mutation: Your skin changes colour to match your
                  | surroundings (Stealth+). [Xom's grace]
  4599 | D:5      | XOM: god gift: wand of paralysis (3)
  4791 | D:5      | Noticed Duvessa
  4796 | D:5      | XOM: destruction
  4796 | D:5      | Noticed Dowan
  4799 | D:5      | Killed Duvessa
  4800 | D:5      | Reached skill level 10 in Axes
  4802 | D:5      | Killed Dowan
  4802 | D:5      | Noticed Sigmund
  4818 | D:5      | Killed Sigmund
  4966 | D:5      | Noticed Ijyb
  4966 | D:5      | Paralysed by Ijyb for 4 turns
  4977 | D:5      | Killed Ijyb
  5192 | D:5      | Reached skill level 11 in Axes
  5314 | D:5      | XOM: enchant monster (good)
  5408 | D:6      | Found a staircase to the Ecumenical Temple.
  5418 | D:6      | Reached XP level 9. HP: 82/82 MP: 8/8
  5559 | D:6      | XOM: summons 3 friendly demons
  5613 | D:6      | XOM: god gift: wand of roots (6)
  5710 | D:6      | Found a bloodstained altar of Trog.
  5825 | D:6      | Found a glowing silver altar of Zin.
  5984 | D:6      | Reached skill level 5 in Armour
  5995 | D:6      | Noticed Maggie
  6027 | D:6      | Killed Maggie
  6198 | D:6      | XOM: give mutations
  6198 | D:6      | Gained mutation: Your natural rate of healing is unusually
                  | fast. [Xom's grace]
  6198 | D:6      | Gained mutation: You possess an exceptional clarity of
                  | mind. [Xom's grace]
  6198 | D:6      | Gained mutation: You are partially covered in large bone
                  | plates. (SH +4) [Xom's grace]
  6198 | D:6      | Gained mutation: You are robust. (+10% HP) [Xom's grace]
  6672 | D:7      | Reached skill level 12 in Axes
  6739 | D:7      | XOM: 2-stop teleportation journey
  6844 | D:7      | Found an iron altar of Okawaru.
  6876 | D:7      | XOM: 6-stop teleportation journey
  6991 | D:7      | Found an ancient bone altar of Kikubaaqudgha.
  7063 | D:7      | Identified the +0 robe of the Invisible Things {rC- rN+++
                  | Slay+2 Archmagi}
  7358 | D:8      | Reached skill level 13 in Axes
  7358 | D:8      | Reached XP level 10. HP: 82/100 MP: 9/9
  7382 | D:8      | Noticed Erica
  7391 | D:8      | Killed Erica
  7392 | D:8      | Reached skill level 14 in Axes
  7445 | D:8      | Found Utiy's Elemental Accessories.
  7476 | D:8      | Reached skill level 15 in Axes
  7536 | D:8      | XOM: draining
  7565 | D:8      | Found a sacrificial altar of Ru.
  7684 | D:8      | Reached skill level 16 in Axes
  7715 | D:8      | XOM: swap monsters
  7980 | D:8      | Found a sparkling altar of Nemelex Xobeh.
  7983 | D:8      | Found a glowing golden altar of the Shining One.
  7983 | D:8      | XOM: give mutations
  7983 | D:8      | Gained mutation: Potions are less effective at restoring
                  | your health. [Xom's mischief]
  7983 | D:8      | Lost mutation: You are robust. (+10% HP) [Xom's mischief]
  7983 | D:8      | Gained mutation: You occasionally lose the ability to read
                  | scrolls when taking damage. [Xom's mischief]
  7983 | D:8      | Lost mutation: You are partially covered in large bone
                  | plates. (SH +4) [Xom's mischief]
  7988 | D:8      | Found an opulent altar of Gozag.
  8002 | D:8      | Found Pentopn's Magic Scroll Shoppe.
  8019 | D:8      | Bought a scroll of identify for 26 gold pieces
  8019 | D:8      | Bought a scroll of teleportation for 39 gold pieces
  8019 | D:8      | Bought a scroll of teleportation for 39 gold pieces
  8180 | D:9      | Found a staircase to the Lair.
  8197 | D:9      | Reached skill level 17 in Axes
  8266 | D:9      | Reached skill level 10 in Fighting
  8298 | D:9      | XOM: chaos upgrade
  8369 | D:9      | Found a stormy altar of Qazlal.
  8369 | D:9      | Found a hide-covered altar of Uskayaw.
  8370 | D:9      | Found an ornate altar of the Wu Jian Council.
  8424 | D:9      | XOM: 3-stop teleportation journey
  8503 | D:9      | XOM: give mutations
  8503 | D:9      | Lost mutation: You possess an exceptional clarity of mind.
                  | [Xom's mischief]
  8503 | D:9      | Gained mutation: Your body sometimes deteriorates upon
                  | taking damage. [Xom's mischief]
  8503 | D:9      | Gained mutation: You are weak. (Str -2) [Xom's mischief]
  8503 | D:9      | Gained mutation: You are partially covered in iridescent
                  | scales. (AC +2) [Xom's mischief]
  8521 | D:9      | XOM: enchant monster (bad)
  8833 | Lair:1   | Entered Level 1 of the Lair of Beasts
  8833 | Lair:1   | Noticed Amaemon
  8833 | Lair:1   | Noticed an orange demon
  8833 | Lair:1   | Noticed Fannar
  8838 | Lair:1   | Reached skill level 18 in Axes
  8842 | D:9      | XOM: confusion (+ monsters)
  8852 | D:9      | Killed Amaemon
  8853 | D:9      | Reached XP level 11. HP: 47/101 MP: 10/10
  9372 | D:9      | XOM: potion effect (brilliance)
  9465 | D:9      | XOM: fog
  9469 | D:9      | Killed Fannar
  9633 | Lair:1   | XOM: summons friendly quasit
  9634 | Lair:1   | XOM: summons 6 hostile demons
  9668 | D:9      | Reached skill level 1 in Throwing
  9670 | D:9      | Reached skill level 19 in Axes
  9674 | D:9      | XOM: give mutations
  9674 | D:9      | Lost mutation: You are partially covered in iridescent
                  | scales. (AC +2) [Xom's mischief]
  9674 | D:9      | Gained mutation: You sometimes lose the ability to read
                  | scrolls when taking damage. [Xom's mischief]
  9740 | D:9      | Lost mutation: You sometimes lose the ability to read
                  | scrolls when taking damage. [potion of mutation]
  9740 | D:9      | Lost mutation: You are weak. (Str -2) [potion of mutation]
  9740 | D:9      | Gained mutation: You have a pair of large horns on your
                  | head. [potion of mutation]
  9740 | D:9      | Gained mutation: Your flesh is heat resistant. (rF+)
                  | [potion of mutation]
  9902 | D:9      | XOM: stat loss: -1 Str (20/21)
  9905 | Lair:1   | XOM: confusion
 10143 | D:9      | XOM: summons 3 hostile shadow creatures
 10279 | D:9      | XOM: summons 1 hostile demon
 10377 | D:9      | XOM: give mutation
 10377 | D:9      | Gained mutation: You have sharp fingernails. [Xom's
                  | mischief]
 10381 | Lair:1   | XOM: swap monsters
 10391 | Lair:1   | XOM: cleaving
 10432 | D:9      | XOM: cast spell 'Summon Cactus Giant'
 10618 | D:9      | XOM: god gift: 33 gold pieces
 10833 | Lair:1   | Noticed Gastronok
 10988 | Lair:1   | Killed Gastronok
 11256 | Lair:1   | XOM: 3-stop teleportation journey
 11497 | Lair:1   | Noticed a death yak
 11498 | Lair:1   | Noticed a death yak
 11498 | Lair:1   | Noticed a death yak
 11498 | Lair:1   | XOM: potion effect (might)
 11504 | Lair:1   | XOM: destruction
 11516 | Lair:1   | XOM: enchant monster (good)
 11529 | Lair:1   | XOM: enchant monster (bad)
 11533 | Lair:1   | Killed a death yak
 11534 | Lair:1   | Reached skill level 20 in Axes
 11534 | Lair:1   | Slain by a death yak

Illustrated notes

Levels and vault maps discovered:
D:1:      dpeg_arrival_rooms_with_view, layout_basic
D:2:      layout_loops_cross, serial_bayou, serial_bayou_pond_b,
          serial_bayou_lagoon_a, serial_bayou_shore_b, serial_bayou_crossing
D:3:      layout_basic, uniq_grinder
D:4:      layout_gridville, vehumet_crystals, minmay_small_thing
D:5:      cheibrodos_quashed, layout_basic, minmay_manual_maat, uniq_ijyb,
          uniq_sigmund, uniq_eustachio, uniq_edmund, uniq_duvessa
D:6:      layout_layer_cave, marbit_many_paths, bloody_trog, temple_statues,
          serial_glass, glass_columns_a, glass_columns_a,
          cheibrodos_sewer_entry_bend, uniq_maggie
D:7:      layout_rooms, okawaru_trees_1, lemuel_zombie_altar_kikubaaqudgha,
          minmay_ruffians
D:8:      layout_loops_cross, mainiacjoe_overflow_catwalk,
          grunt_temple_overflow_diamond, serial_shops, shop_coins,
          minmay_misc_feat_five, skrybe_limestone_x, nicolae_elemental_shop,
          uniq_erica
D:9:      layout_roguey, chequers_temple_overflow_statue_of_worship,
          erik_lair_island
Lair:1:   wad_woods_04, layout_cave_pods, grunt_forest_large_clearings,
          lemuel_fruit_fields, grunt_megastairs_1, uniq_amaemon, uniq_fannar,
          uniq_gastronok

Skill      XL: |  1  2  3  4  5  6  7  8  9 10 11 |
---------------+----------------------------------+-----
Axes           | 4 7 8 9 11 13 18 20 | 20.0
Evocations     | 1 2 4 |  4.5
Fighting       | 4 6 8 9 10 | 10.9
Stealth        | 2 3 |  3.7
Armour         | 3 6 9 |  9.5
Throwing       | 1 |  1.4
Dodging        | |  1.8

Action                   |  1- 3 |  4- 6 |  7- 9 | 10-12 || total
-------------------------+-------+-------+-------+-------++-------
Melee: Hand axe          |   101 |   172 |   212 |       ||   485
       Headbutt          |    14 |    25 |    39 |    76 ||   154
       Punch             |     1 |       |     3 |     4 ||     8
       Whip              |       |    10 |       |       ||    10
       War axe           |       |       |    13 |   362 ||   375
Evoke: Piece from Xom's  |       |     4 |     5 |     6 ||    15
       Wand              |       |       |       |     9 ||     9
  Use: Scroll            |       |     6 |     3 |     5 ||    14
       Potion            |       |     2 |     3 |     4 ||     9
 Stab: Invisible         |     1 |       |       |       ||     1
       Confused          |       |     1 |       |       ||     1
       Petrified         |       |       |     9 |       ||     9
       Sleeping          |       |       |     3 |     3 ||     6
Armor: Leather armour    |    25 |       |       |       ||    25
       Scale mail        |     9 |    76 |       |       ||    85
       Skin              |       |    44 |    15 |       ||    59
       Ring mail         |       |       |    54 |   153 ||   207
Dodge: Dodged            |    55 |   103 |    85 |   248 ||   491
Block: Other             |       |       |     9 |    14 ||    23
